 Dungeon Crawl Stone Soup version 0.19-a0-1468-ge013c26 (webtiles) character file.

11519 jacquesderrida the Carver (level 11, 0/60 HPs)
             Began as a Vine Stalker Wanderer on Sept 7, 2016.
             Was a Believer of Ashenzari.
             Killed from afar by a rime drake (16 damage)
             ... with a flash freeze
             ... in an ice cave.
             The game lasted 00:28:16 (4851 turns).

jacquesderrida the Carver (Vine Stalker Wanderer)   Turns: 4851, Time: 00:28:17

Health: 0/60       AC: 10    Str: 19    XL:     11   Next: 79%
Magic:  0/21       EV: 13    Int: 14    God:    Ashenzari [**....]
Gold:   419        SH:  0    Dex: 16    Spells: 0 memorised, 10 levels left

rFire  + . .     SeeInvis .     H - +2 scimitar (curse)
rCold  . . .     Gourm    .     a - +2 scale mail
rNeg   . . .     Faith    .     (no shield)
rPois  .         Spirit   +     y - +1 hat of a volcano {rCorr Str+5} (curse)
rElec  .         Dismiss  .     (no cloak)
rCorr  +         Reflect  .     (no gloves)
MR     +....     Harm     .     (no boots)
Stlth  ..........               (no amulet)
                                o - ring of protection from fire
                                s - ring of magical power

@: very slightly contaminated, invisible
A: fangs 3, mutation resistance 1, regeneration 2, magic shield, antimagic bite,
no device heal 3, rot immunity
a: Curse Item, Scrying, Renounce Religion


You were in an ice cave.
You worshipped Ashenzari.
Ashenzari was pleased with you.
You were not hungry.

You visited 1 branch of the dungeon, and saw 12 of its levels.
You also visited: Ossuary and Ice Cave.

You collected 419 gold pieces.

Inventory:

Hand Weapons
 H - a cursed +2 scimitar (weapon)
Missiles
 E - a throwing net (quivered)
Armour
 a - a +2 scale mail (worn)
 y - the cursed +1 hat of a volcano (worn) {rCorr Str+5}
   (You acquired it on level 8 of the Dungeon)

   It affects your strength (+5).
   It protects you from acid and corrosion.
   It has a curse placed upon it.
 G - a troll hide
Jewellery
 o - a ring of protection from fire (right hand)
 s - a ring of magical power (left hand)
 x - a +2 ring of dexterity
Wands
 e - a wand of slowing (19/48)
 m - a wand of flame (29/48)
 B - a wand of flame (26/48)
 I - a wand of disintegration (8/24)
 L - a wand of flame (32/48)
Scrolls
 i - 3 scrolls of enchant armour {unknown}
 j - a scroll of remove curse
 n - 3 scrolls of enchant weapon {unknown}
 q - 2 scrolls of immolation
 t - 3 scrolls of magic mapping
 u - 2 scrolls of teleportation
 w - a scroll of amnesia
 A - a scroll of fog
Potions
 c - 2 potions of cancellation
 f - a potion of invisibility
 g - 8 potions of curing
 h - 2 potions of brilliance
 k - a potion of cure mutation
 r - a potion of magic
 v - 2 potions of heal wounds
 z - 3 potions of flight
 C - 3 potions of haste
 D - a potion of agility
Books
 b - a book of Debilitation

   Spells                             Type                      Level
   a - Corona                         Hexes                        1
   b - Slow                           Hexes                        2
   c - Gell's Gravitas                Hexes/Translocation          3
   d - Inner Flame                    Hexes/Fire                   3
   e - Cause Fear                     Hexes                        4
   f - Leda's Liquefaction            Hexes/Earth                  4
Comestibles
 d - 6 bread rations
 l - a meat ration
 F - 6 slices of pizza


   Skills:
 + Level 8.5 Fighting
 + Level 12.0(14.0) Long Blades
   Level 1.0 Crossbows
 - Level 1.0 Throwing
 + Level 5.7 Armour
 + Level 5.1 Dodging
 - Level 1.2 Stealth
 - Level 2.0 Unarmed Combat


You had 10 spell levels left.
You didn't know any spells.

Dungeon Overview and Level Annotations

Branches:
Dungeon (12/15)               Orc (0/2) D:9
 Temple: D:4-7         Lair: D:8-11

Altars:
Ashenzari
Hepliaklqana
Okawaru
Uskayaw
The Shining One

Portals:
Trove: D:11 (give 14 scrolls of teleportation)

Annotations:
D:8 DIG TO SCROLLS
D:11 exclusion: upstairs IceCv exclusion: ice statue


Innate Abilities, Weirdness & Mutations

You have razor-sharp teeth.
You heal very quickly.
When hurt, damage is shared between your health and your magic reserves.
Your bite disrupts and absorbs the magic of your enemies.
Potions and wands cannot restore your health.
You are immune to rotting.
You are somewhat resistant to further mutation.


Message History

The polar bear is moderately wounded.
Unknown command.
You catch the helpless polar bear completely off-guard!
You hit the polar bear but do no damage.
The polar bear is moderately wounded.
You hit the polar bear. You bite the polar bear. You drain its power.
You feel invigorated.
The polar bear is heavily wounded.
The polar bear bites you!
* * * LOW HITPOINT WARNING * * *
The polar bear closely misses you. x2
Unknown command.
You catch the helpless polar bear completely off-guard!
You slash the polar bear!
The polar bear is severely wounded.
The polar bear barely misses you.
You riposte.
You slice the polar bear!!
You kill the polar bear!
The rime drake breathes ice at you. The flash freeze hits you!
You die...

*
##.##.#
* ≈≈≈ *
#..#..#
≈≈ *≈
##.##.##
* ≈ *
*#..#.##
###
#.##.##
* ≈ ≈
*##.##
##.##.#
* ≈
#..h#
#.#.## *
≈
*#..#k#
##...#
#...#@##
#.#.#
#Y.###.#
###.##
#hh.
##.#
##.# ≈
#.k.#
#..#
*##.# *
#hh#
#..# *
#..# *


hhh* #.## *#.## ,* *≈ #..##**##†## , *≈ ##..# ##.#†# * * * * #..###.##.# You
could see a polar bear and a rime drake.

Vanquished Creatures
  A wizard (D:11)
  A gargoyle (D:11)
  A troll (D:9)
  2 ice devils (D:12)
  11 polar bears (IceCv)
  2 two-headed ogres
  15 yaks (IceCv)
  Grum (D:8)
  A steam dragon (D:7)
  2 hippogriffs
  4 orc warriors
  An eye of draining (D:9)
  3 sky beasts
  A black bear (D:9)
  An ice beast (D:7)
  4 ogres
  3 centaurs
  17 wolves
  A boggart (D:11)
  A big kobold (D:9)
  2 giant frogs
  A water moccasin zombie (Ossuary)
  2 scorpions
  A water moccasin skeleton (D:9)
  5 wights (D:11)
  2 howler monkeys (D:7)
  3 crimson imps
  A centaur zombie (D:10)
  The ghost of jacquesderrida the Magician, a weakling VSWn (D:5)
  3 hounds
  A jelly (D:9)
  3 orc priests
  A giant frog skeleton (D:9)
  8 orc wizards
  A centaur skeleton (D:4)
  An iguana (D:6)
  2 worker ants
  2 killer bee zombies
  2 big kobold zombies (Ossuary)
  2 mummies (Ossuary)
  4 gnolls (D:8)
  10 adders
  A howler monkey skeleton (D:8)
  A shadow imp (D:5)
  An ooze (D:1)
  5 adder zombies
  5 worms
  A dart slug (D:2)
  2 giant geckos
  23 orcs
  3 giant cockroaches
  3 gnoll zombies (Ossuary)
  6 goblins
  3 hobgoblins
  9 jackals
  4 quokkas
  A ball python (D:3)
  5 bats
  5 giant newts
  3 hobgoblin zombies (Ossuary)
  5 kobolds
  6 kobold zombies (Ossuary)
  2 orc zombies (Ossuary)
  4 rats
229 creatures vanquished.

Notes
Turn   | Place    | Note
-------+----------+-------------------------------------------
     0 | D:1      | jacquesderrida the Vine Stalker Wanderer began the quest for the Orb.
     0 | D:1      | jacquesderrida set off with: a +2 scale mail, 2 potions of lignification, a +0 dagger, a bread ration
     0 | D:1      | Reached XP level 1. HP: 11/11 MP: 2/2
    75 | D:1      | Reached XP level 2. HP: 15/16 MP: 3/3
   362 | D:2      | Reached XP level 3. HP: 2/21 MP: 0/4
   463 | D:2      | Found a shattered altar of Ashenzari.
   466 | D:2      | Found an iron altar of Okawaru.
   481 | D:2      | Gained mutation: Your natural rate of healing is unusually fast. [potion of beneficial mutation]
   499 | D:2      | Found a hide-covered altar of Uskayaw.
   547 | D:2      | Became a worshipper of Ashenzari the Shackled
   646 | D:3      | Gained mutation: You heal very quickly. [Vine Stalker growth]
   646 | D:3      | Reached XP level 4. HP: 26/26 MP: 5/5
   800 | D:3      | Reached XP level 5. HP: 30/30 MP: 6/6
   852 | D:3      | Reached skill level 5 in Fighting
   939 | D:4      | Noticed an ogre
   949 | D:4      | Killed an ogre
  1018 | D:4      | Reached XP level 6. HP: 25/35 MP: 7/7
  1286 | D:5      | Entered Level 5 of the Dungeon
  1309 | D:5      | Reached XP level 7. HP: 40/40 MP: 8/8
  1350 | D:5      | Noticed jacquesderrida's ghost (weakling VSWn)
  1364 | D:5      | Killed jacquesderrida's ghost
  1434 | D:5      | Found a sand-covered staircase.
  1439 | Ossuary  | Entered an ossuary
  1663 | Ossuary  | Gained mutation: You are somewhat resistant to further mutation. [potion of beneficial mutation]
  2059 | D:7      | Gained mutation: You have razor-sharp teeth. [Vine Stalker growth]
  2059 | D:7      | Reached XP level 8. HP: 42/45 MP: 9/9
  2091 | D:7      | Found a glowing golden altar of the Shining One.
  2278 | D:8      | Found a hazy altar of Hepliaklqana.
  2278 | D:8      | Reached * piety under Ashenzari
  2431 | D:8      | Reached skill level 1 in Long Blades
  2453 | D:8      | Noticed Grum
  2464 | D:8      | Reached skill level 2 in Long Blades
  2464 | D:8      | Reached XP level 9. HP: 39/50 MP: 10/10
  2472 | D:8      | Killed Grum
  2472 | D:8      | Reached skill level 3 in Long Blades
  2502 | D:8      | Reached skill level 4 in Long Blades
  2677 | D:9      | Reached skill level 5 in Long Blades
  2678 | D:9      | Found a staircase to the Orcish Mines.
  2719 | D:9      | Noticed a two-headed ogre
  2783 | D:9      | Killed a two-headed ogre
  2808 | D:8      | Reached skill level 6 in Long Blades
  2813 | D:8      | Identified a scroll of acquirement
  2813 | D:8      | Identified the cursed +1 hat of a volcano {rCorr Str+5} (You acquired it on level 8 of the Dungeon)
  2929 | D:10     | Entered Level 10 of the Dungeon
  3042 | D:10     | Noticed a two-headed ogre
  3110 | D:9      | Noticed a troll
  3149 | D:9      | Killed a troll
  3149 | D:9      | Reached skill level 7 in Long Blades
  3327 | D:9      | Reached XP level 10. HP: 55/55 MP: 11/11
  3331 | D:9      | Reached skill level 8 in Long Blades
  3480 | D:10     | Noticed a hill giant
  3662 | D:11     | Found a portal to a secret trove of treasure.
  3743 | D:11     | Noticed a wizard
  3745 | D:11     | Noticed a gargoyle
  3745 | D:11     | Paralysed by a wizard for 6 turns
  3777 | D:11     | Killed a gargoyle
  3777 | D:11     | Reached skill level 9 in Long Blades
  3788 | D:11     | Killed a wizard
  3924 | D:11     | Reached skill level 10 in Long Blades
  4047 | D:12     | Found a frozen archway.
  4211 | IceCv    | Entered an ice cave
  4244 | IceCv    | Reached skill level 11 in Long Blades
  4254 | IceCv    | Reached XP level 11. HP: 50/58 MP: 12/12
  4521 | IceCv    | Reached skill level 5 in Armour
  4561 | IceCv    | Reached ** piety under Ashenzari
  4730 | IceCv    | Reached skill level 5 in Dodging
  4823 | IceCv    | Reached skill level 12 in Long Blades
  4851 | IceCv    | Killed from afar by a rime drake

Vault maps used:
D:1:      nicolae_arrival_somewhat_less_tricky_arrival
D:2:      grunt_temple_overflow_open
D:4:      minmay_diamond_boxcup, serial_shops, kennysheep_mini
D:5:      first_bread, nicolae_ossuary_entry_plus
D:6:      kennysheep_generic_room_6, uniq_menkaure, uniq_grinder
D:7:      nicolae_dithmenos_through_a_glass_darkly, tso_metal_star, uniq_joseph
D:8:      lemuel_round_altar, serial_glass, glass_columns_c, glass_columns_b,
          due_unseen_surprise, uniq_psyche, uniq_grum
D:9:      lair_0_dummy, orc_0_dummy
D:10:     grunt_pizzeria
D:11:     minmay_smoke_and_mirrors, enter_trove_3
D:12:     portal_ice_cave_demonic_guard, uniq_snorg, uniq_maurice
Ossuary:  ossuary_tomb_2
IceCv:    ice_cave_caverns_01

Skill      XL: |  1  2  3  4  5  6  7  8  9 10 11 |
---------------+----------------------------------+-----
Fighting       | 3 4 5 6 7 8 |  8.5
Dodging        | 2 3 4 5 |  5.1
Armour         | 2 4 5 |  5.7
Long Blades    | 2 7 11 12 | 12.0
Crossbows      | |  1.0
Throwing       | |  1.0
Stealth        | |  1.2
Unarmed Combat | |  2.0

Action                   |  1- 3 |  4- 6 |  7- 9 | 10-12 || total
-------------------------+-------+-------+-------+-------++-------
Melee: Dagger            |    62 |       |       |       ||    62
       Bite              |    28 |    28 |   136 |   204 ||   396
       Punch             |     1 |     2 |     5 |     9 ||    17
       Hand axe          |    33 |   113 |   341 |       ||   487
       Unarmed           |     2 |       |       |       ||     2
       Falchion          |       |       |    58 |    42 ||   100
       Scimitar          |       |       |       |   417 ||   417
Throw: Throwing net      |       |       |       |     1 ||     1
Invok: Curse Item        |       |       |     1 |     1 ||     2
Evoke: Wand              |       |       |     1 |    10 ||    11
  Use: Potion            |     3 |       |     2 |     2 ||     7
       Scroll            |       |       |    19 |     4 ||    23
 Stab: Invisible         |       |       |       |     3 ||     3
  Eat: Chunk             |       |     2 |     7 |     1 ||    10
       Fruit             |       |       |       |     3 ||     3
       Pizza             |       |       |       |     2 ||     2
Armor: Scale mail        |    59 |    51 |   208 |   137 ||   455
       Skin              |     9 |    36 |       |       ||    45
Dodge: Dodged            |    55 |    50 |   291 |   222 ||   618
